 Dungeon Crawl Stone Soup version 0.27.0-1-g7a089689b8 (webtiles) character file.

Game seed: 13067702805709136140

142 seveneves the Covered (level 5, -2/46 HPs)
             Began as a Minotaur Fighter on Aug 4, 2021.
             Slain by an orc (3 damage)
             ... on level 3 of the Dungeon.
             The game lasted 00:05:20 (1691 turns).

seveneves the Covered (Minotaur Fighter)            Turns: 1691, Time: 00:05:21

Health: -2/46      AC: 16    Str: 21    XL:     5   Next: 4%
Magic:  4/4        EV:  4    Int:  5    God:
Gold:   115        SH:  9    Dex: 10    Spells: 4/4 levels left

rFire    . . .     SeeInvis .   i - +0 flail (venom)
rCold    . . .     Faith    .   c - +0 kite shield
rNeg     . . .     Spirit   .   q - +0 plate armour
rPois    .         Reflect  .   (helmet restricted)
rElec    .         Harm     .   (no cloak)
rCorr    .         Rampage  .   (no gloves)
Will     .....                  (no boots)
Stlth    ..........             (no amulet)
HPRegen  0.15/turn              f - +4 ring of protection
MPRegen  0.09/turn              (no ring)

@: no status effects
A: horns 2, retaliatory headbutt
a: no special abilities


You were on level 3 of the Dungeon.
You visited 1 branch of the dungeon, and saw 3 of its levels.

You collected 115 gold pieces.

Inventory:

Hand Weapons
 a - a +0 long sword
 i - a +0 flail of venom (weapon)
Armour
 b - a +0 scale mail
 c - a +0 kite shield (worn)
 j - a +0 kite shield
 q - a +0 plate armour (worn)
Jewellery
 f - a +4 ring of protection (left hand)
Wands
 l - a wand of iceblast (5)
Scrolls
 g - a scroll of fog {unknown}
 h - a scroll of identify {unknown}
 m - 2 scrolls of amnesia {unknown}
 n - 2 scrolls of silence {unknown}
 p - a scroll of brand weapon {unknown}
 s - a scroll of summoning {unknown}
 t - a scroll of immolation {unknown}
Potions
 d - a potion of might
 e - a potion of attraction {unknown}
 k - a potion of degeneration {unknown}
 o - 2 potions of flight {unknown}
 r - a potion of magic {unknown}


   Skills:
 + Level 4.3 Fighting
 + Level 3.5 Long Blades
 + Level 0.2 Maces & Flails
 + Level 4.7 Armour
 + Level 1.4 Dodging
 + Level 0.1 Stealth
 + Level 4.6 Shields


You had 4 spell levels left.
You didn't know any spells.
Your spell library contained the following spells:

 Spells                   Type           Power      Damage    Failure   Level
 Animate Skeleton         Necr           0%         N/A       100%        1
 Apportation              Tloc           0%         N/A       100%        1
 Corona                   Hex            0%         N/A       100%        1
 Summon Small Mammal      Summ           0%         N/A       100%        1
 Stone Arrow              Conj/Erth      0%         3d7       100%        3
 Bolt of Magma            Conj/Fire/Erth 0%         4d4       100%        5
 Shatter                  Erth           0%         3d5*      100%        9


Dungeon Overview and Level Annotations

Branches:
Dungeon (3/15)

Altars:

Annotations:
D:2 Natasha


Innate Abilities, Weirdness & Mutations

You have a pair of horns on your head.
You reflexively headbutt those who attack you in melee.


Message History

You miss the orc wizard. The orc hits you with a +0 club.
The orc completely misses you.
The orc wizard hits you but does no damage.
The orc hits you but does no damage. x3
You barely miss the orc wizard.
The orc wizard gestures wildly while chanting.
The orc wizard flickers and vanishes!
The orc hits you but does no damage. The orc barely misses you.
The orc hits you but does no damage. x2
Something hits you.
The orc wizard hits you but does no damage.
You miss the orc. Your headbutt misses the orc.
The orc hits you from afar with a +0 trident.
* * * LOW HITPOINT WARNING * * *
The orc hits you but does no damage. x3; Something hits you but does no damage.
The orc hits you with a +0 flail.
* * * LOW HITPOINT WARNING * * *
Something hits you but does no damage.
The orc wizard hits you but does no damage.
The orc hits you but does no damage. x2; The orc barely misses you.
You barely miss the orc. Your headbutt misses the orc.
You feel less confused. Something hits you but does no damage.
The orc hits you but does no damage.
The orc wizard gestures at you while chanting.
You resist with some effort. Something hits you.
* * * LOW HITPOINT WARNING * * *
The orc hits you from afar with a +0 trident.
* * * LOW HITPOINT WARNING * * *
You block the orc's attack. The orc hits you but does no damage.
You block the orc's attack. The orc hits you but does no damage.
Something hits you but does no damage.
The orc wizard hits you but does no damage.
Something hits you but does no damage. The orc barely misses you.
Your shield and plate armour prevent you from hitting the orc wizard.
The orc hits you but does no damage. You block the orc's attack.
Something hits you but does no damage. The orc hits you but does no damage.
You hear some strange, mumbled words.
Something tries to affect you, but you resist.
The orc wizard hits you but does no damage.
The orc hits you from afar with a +0 trident.
You die...

...........#..........#.
...........#.<........#.
...........#..........#.
...........#.........##.
..........##.........##≈
..........##.........≈≈.
#...o...).........P≈≈PP
.###.#o{o..###...≈P≈P≈♣≈
......o@o......≈.≈P♣≈≈≈P
......{†....P.P.≈≈♣≈≈P≈P
#......o...P≈P≈≈≈♣PP.P..
...........PP≈♣≈≈♣P≈...
######.....P≈≈♣♣♣PPPP..
.......P≈≈≈ ♣PP≈.
##.....≈PP≈♣ ...#...≈PPP


You could see an orc wizard and 5 orcs.

Vanquished Creatures
  An iguana (D:3)
  Natasha (D:2)
  A howler monkey zombie (D:3)
  An adder (D:2)
  A dart slug (D:1)
  4 orcs
  5 ball pythons (D:1)
  3 bats (D:1)
  7 endoplasms
  A giant cockroach (D:2)
  5 goblins
  9 hobgoblins
  10 jackals
  A quokka (D:2)
  A frilled lizard (D:3)
  2 kobolds (D:1)
  5 rats
58 creatures vanquished.

Notes
Turn   | Place    | Note
-------+----------+-------------------------------------------
     0 | D:1      | seveneves the Minotaur Fighter began the quest for the Orb.
     0 | D:1      | Reached XP level 1. HP: 19/19 MP: 0/0
    98 | D:1      | Reached XP level 2. HP: 11/27 MP: 1/1
   799 | D:1      | Reached XP level 3. HP: 30/33 MP: 2/2
   988 | D:2      | Found a faded altar of an unknown god.
  1051 | D:2      | Noticed Natasha
  1055 | D:2      | Killed Natasha
  1056 | D:2      | Reached skill level 1 in Dodging
  1056 | D:2      | Reached XP level 4. HP: 40/40 MP: 3/3
  1445 | D:2      | Noticed Natasha
  1678 | D:3      | Reached XP level 5. HP: 46/46 MP: 4/4
  1690 | D:3      | HP: 1/46 [orc (5)]
  1691 | D:3      | Slain by an orc

Illustrated notes

Levels and vault maps discovered:
D:1:      dpeg_arrival_shrine, layout_basic, minmay_shallow_snake_nest
D:2:      wander_river, layout_loops_ring,
          hellmonk_ecumenical_altar_slurped_away, uniq_natasha
D:3:      layout_basic, serial_bayou_lagoon_a, patterned_corridor

Skill      XL: |  1  2  3 |
---------------+----------+-----
Shields        | 4 |  4.6
Fighting       | 4 |  4.3
Armour         | 4 |  4.7
Long Blades    | 3 |  3.5
Dodging        | 1 |  1.4
Maces & Flails | |  0.2
Stealth        | |  0.1

Action                   |  1- 3 |  4- 6 || total
-------------------------+-------+-------++-------
Melee: Long sword        |    91 |    28 ||   119
       Headbutt          |     9 |     7 ||    16
       Flail             |       |    37 ||    37
  Use: Potion            |       |     1 ||     1
Armor: Scale mail        |    71 |    21 ||    92
       Plate armour      |       |    52 ||    52
Dodge: Dodged            |    26 |    21 ||    47
Block: Kite shield       |    65 |    35 ||   100
       Rpst.: Long sword |     7 |     3 ||    10
